[Event "Titled Tuesday Blitz January 03 Early 2023"]
[White "Freitag, Manfred"]
[Black "Batsiashvili, Nino"]
[WhiteFideId "1602004"]
[BlackFideId "13602993"]
[WhiteElo "2352"]
[BlackElo "2467"]
[Result "0-1"]
[Round "06"]
[TimeControl "180+2"]
[Date "2023.01.03"]
[WhiteClock "0:00:23"]
[BlackClock "0:00:18"]

1. e4 e5 2. Nf3 Nc6 3. Bb5 Nge7 4. c3 d5 5. exd5 Qxd5 6. Qe2 Bg4 7. Bc4 Bxf3 8. gxf3 Qd6 9. d3 O-O-O 10. b4 f5 11. O-O Ng6 12. Na3 Nh4 13. Kh1 Be7 14. Rg1 g5 15. Bxg5 Bxg5 16. Rxg5 Rhe8 17. Rag1 e4 18. fxe4 Ne5 19. d4 Nxc4 20. Nxc4 Qa6 21. e5 Qc6+ 22. f3 Nxf3 23. d5 Qxd5 24. Ne3 Qe4 25. R5g2 Rd2 26. Qf1 Qxe3 27. Rxd2 Nxd2 28. Qxf5+ Kb8 29. e6 Qe4+ 30. Qxe4 Nxe4 31. e7 Nd6 32. c4 Kc8 33. c5 Nf5 34. Rf1 Nxe7 35. Rf7 h5 36. Kg2 Nd5 37. a3 a5 38. b5 Re3 39. c6 bxc6 40. bxc6 Kb8 41. Rf5 Rd3 42. Kf2 h4 43. Ke2 Rd4 44. Rf3 Ka7 45. Rb3 Nb6 46. Rc3 a4 47. Ke3 Rc4 0-1


[Site "https://www.chess.com"]

[Event "Titled Tuesday Blitz January 03 Early 2023"]
[White "Sourath Biswas"]
[Black "Perez Rodriguez, Jennifer"]
[WhiteFideId "35091484"]
[BlackFideId "3507831"]
[WhiteElo "2281"]
[BlackElo "2242"]
[Result "0-1"]
[Round "06"]
[TimeControl "180+2"]
[Date "2023.01.03"]
[WhiteClock "0:00:15"]
[BlackClock "0:01:52"]

1. d4 d5 2. Bf4 c5 3. e3 Nc6 4. Nf3 Bf5 5. dxc5 Qa5+ 6. Nc3 Qxc5 7. Qxd5 Qxd5 8. Nxd5 O-O-O 9. Nc3 Nb4 10. Nd4 Rxd4 11. exd4 Nxc2+ 12. Kd2 Nxa1 13. Bd3 Nb3+ 14. axb3 Bxd3 15. Kxd3 e6 16. Nb5 a6 17. Rc1+ Kd8 18. Bd6 Nf6 19. Bxf8 Rxf8 20. Nd6 b5 21. Rc6 Nd5 22. Ne4 Nb4+ 0-1


[Site "https://www.chess.com"]

[Event "Titled Tuesday Blitz January 03 Early 2023"]
[White "Karttunen, Mika"]
[Black "Lopez Del Alamo, Antonio"]
[WhiteFideId "502081"]
[BlackFideId "2227339"]
[WhiteElo "2490"]
[BlackElo "2280"]
[Result "0-1"]
[Round "06"]
[TimeControl "180+2"]
[Date "2023.01.03"]
[WhiteClock "0:00:02"]
[BlackClock "0:00:03"]

1. e4 c5 2. Nf3 e6 3. d4 cxd4 4. Nxd4 Nf6 5. Nc3 Nc6 6. Nxc6 bxc6 7. e5 Nd5 8. Ne4 Bb7 9. c4 Nb4 10. c5 Qb8 11. f4 Ba6 12. a3 Bxf1 13. Rxf1 Nd5 14. Kf2 Qb5 15. Qd4 Be7 16. Bd2 f5 17. exf6 Nxf6 18. b4 O-O 19. Bc3 e5 20. Nxf6+ Bxf6 21. Qxd7 Qc4 22. Rac1 Rad8 23. Qxc6 Rd3 24. Bxe5 Rd2+ 25. Kg1 Qe2 26. Rce1 Qd3 27. Bxf6 gxf6 28. Qe6+ Kh8 29. Qe3 Qc2 30. Rf2 Rfd8 31. Rxd2 Rxd2 32. Qe8+ Kg7 33. Re7+ Kh6 34. Qf8+ Kh5 35. Qe8+ Kg4 36. Rg7+ Kxf4 37. Qe1 Rd1 38. g3+ Kf5 39. g4+ Kf4 40. Kf1 Rxe1+ 41. Kxe1 Qc1+ 42. Ke2 Qxa3 43. c6 Qc3 44. c7 Qc6 45. h4 h6 46. h5 Kg3 47. Kd3 Kf4 48. Kd4 f5 49. g5 hxg5 50. h6 g4 51. Kd3 g3 52. h7 Qe4+ 53. Kc3 Qc6+ 54. Kb3 Qe6+ 55. Ka3 Qa6+ 56. Kb2 Qf6+ 57. Kb3 Qxg7 58. c8=Q Qxh7 59. Qb8+ Kg4 60. Qxa7 g2 61. Qxh7 Kf3 62. Qh5+ Kf2 63. Qh2 f4 64. Qxf4+ Kg1 0-1


[Site "https://www.chess.com"]

[Event "Titled Tuesday Blitz January 03 Early 2023"]
[White "Tsotsonava, Elene"]
[Black "Odegov, Artem"]
[WhiteFideId "13615939"]
[BlackFideId "34183644"]
[WhiteElo "2053"]
[BlackElo "2261"]
[Result "1-0"]
[Round "06"]
[TimeControl "180+2"]
[Date "2023.01.03"]
[WhiteClock "0:00:37"]
[BlackClock "0:00:04"]

1. e4 e6 2. d4 d5 3. e5 c5 4. c3 Qb6 5. Nf3 Nc6 6. a3 Nh6 7. b4 cxd4 8. cxd4 Nf5 9. Be3 f6 10. exf6 gxf6 11. Bd3 Nxe3 12. fxe3 e5 13. Nh4 Be6 14. O-O Be7 15. Bf5 Bf7 16. Nc3 exd4 17. Na4 Qc7 18. exd4 O-O 19. Bc2 Nxd4 20. Bxh7+ Kxh7 21. Qxd4 Qe5 22. Qd3+ Qe4 23. Qxe4+ dxe4 24. Rae1 Bc4 25. Rf4 Bd3 26. Nf5 Bd8 27. Re3 Kg6 28. Rg3+ Kf7 29. Nc5 Rg8 30. Nh6+ Ke7 31. Nxg8+ Kd6 32. Nxd3 exd3 33. Rxd3+ Ke5 34. Rg4 f5 35. Rg7 Bb6+ 36. Kf1 Rc8 37. Re7+ Kf4 38. Rf3+ Kg5 39. Rg7+ Kh5 40. Rh3# 1-0


[Site "https://www.chess.com"]

[Event "Titled Tuesday Blitz January 03 Early 2023"]
[White "Torres Dominguez, David"]
[Black "Levitskiy, Andrey"]
[WhiteFideId "2220857"]
[BlackFideId "14132885"]
[WhiteElo "1994"]
[BlackElo "2304"]
[Result "1-0"]
[Round "06"]
[TimeControl "180+2"]
[Date "2023.01.03"]
[WhiteClock "0:00:04"]
[BlackClock "0:00:12"]

1. e4 e6 2. d4 d5 3. exd5 exd5 4. Bd3 Bd6 5. Qf3 Ne7 6. Bf4 Nbc6 7. Ne2 Nb4 8. Nbc3 Nxd3+ 9. Qxd3 c6 10. Bxd6 Qxd6 11. Qg3 Qxg3 12. Nxg3 Ng6 13. O-O O-O 14. Rfe1 Bd7 15. Nce2 b6 16. f3 f5 17. f4 Rae8 18. Kf2 Re7 19. Nf1 Rfe8 20. g3 c5 21. Nd2 Bb5 22. Ng1 cxd4 23. Rxe7 Nxe7 24. Ngf3 Nc6 25. Re1 Rxe1 26. Kxe1 a5 27. Nb3 d3 28. c3 Bc4 29. Nc1 a4 30. Kd2 Kf7 31. b3 axb3 32. axb3 Ba6 33. Ng5+ Kg6 34. Ne6 Na5 35. Nc7 Bb7 36. Kxd3 Kh5 37. h3 g5 38. fxg5 Kxg5 39. b4 Nc4 40. Ne2 Ne5+ 41. Ke3 Ng6 42. Kd4 f4 43. gxf4+ Nxf4 44. Nxf4 Kxf4 45. Nxd5+ Kg3 46. Nxb6 Kxh3 47. Nd7 h5 48. Ne5 h4 49. Ng6 Kg3 50. Nxh4 Kxh4 51. Kc5 Kg5 52. Kb6 Bd5 53. Kc5 Bf3 54. b5 Kf6 55. Kd6 Kf7 56. c4 Ke8 57. Kc7 Be2 58. b6 Bf3 59. c5 Ke7 60. c6 Bd5 61. b7 Bxc6 62. Kxc6 Kd8 63. b8=Q+ Ke7 64. Qd6+ Kf7 65. Kd5 Kg7 66. Qe6 Kf8 67. Ke5 Kg7 68. Qf6+ Kh7 69. Qe7+ Kg8 70. Qg5+ Kh8 71. Qg4 Kh7 72. Kf6 Kh8 73. Qg7# 1-0


[Site "https://www.chess.com"]

[Event "Titled Tuesday Blitz January 03 Early 2023"]
[White "Blokhin, Sofia"]
[Black "Costachi, Mihnea"]
[WhiteFideId "4508190"]
[BlackFideId "1217518"]
[WhiteElo "2062"]
[BlackElo "2476"]
[Result "0-1"]
[Round "06"]
[TimeControl "180+2"]
[Date "2023.01.03"]
[WhiteClock "0:00:06"]
[BlackClock "0:01:31"]

1. d4 e6 2. c4 Nf6 3. Nc3 Bb4 4. f3 c5 5. a3 Bxc3+ 6. bxc3 O-O 7. Nh3 b6 8. Bg5 h6 9. Bh4 Nc6 10. e4 d6 11. Be2 Ba6 12. Qa4 Bb7 13. Rd1 e5 14. d5 Na5 15. O-O Qd7 16. Qc2 Nh7 17. f4 exf4 18. Nxf4 g5 19. Nh5 gxh4 20. Qd2 Qe7 21. Qxh6 f6 22. Bg4 Bc8 23. Bf5 Bxf5 24. Rxf5 Nxc4 25. Rd3 Ne5 26. Rh3 Rf7 27. Rxh4 Raf8 0-1


[Site "https://www.chess.com"]

[Event "Titled Tuesday Blitz January 03 Early 2023"]
[White "Arabidze, Meri"]
[Black "ArchibaldCerveza29"]
[WhiteFideId "13604040"]
[WhiteElo "2441"]
[BlackElo "2510"]
[Result "1-0"]
[Round "06"]
[TimeControl "180+2"]
[Date "2023.01.03"]
[WhiteClock "0:00:06"]
[BlackClock "0:00:02"]

1. b3 e5 2. Bb2 Nc6 3. Nf3 e4 4. Ne5 Nf6 5. e3 Bd6 6. Nc4 Be7 7. d3 d5 8. Ne5 Bd6 9. Nxc6 bxc6 10. dxe4 Nxe4 11. g3 O-O 12. Bg2 a5 13. O-O f5 14. Nd2 a4 15. Nxe4 fxe4 16. Qd4 Qe7 17. c4 Rf5 18. Rac1 axb3 19. axb3 Ra2 20. Ra1 Be5 21. Qxe5 Rxe5 22. Rxa2 Rf5 23. Ra8 Rf8 24. Ba3 c5 25. cxd5 Bf5 26. Rxf8+ Qxf8 27. Rc1 Qb8 28. Bxc5 Qxb3 29. Bf1 Qb2 30. Rc4 Qb1 31. Rb4 Qc1 32. Rc4 Qd1 33. Ba3 Bg4 34. Rc1 Qb3 35. Be7 Qb2 36. Rxc7 Qa1 37. Kg2 Bf3+ 38. Kh3 Qxf1+ 39. Kh4 Qxf2 40. h3 Qxe3 41. Bg5 Qd4 42. Rc8+ Kf7 43. Rc7+ Ke8 44. Rc8+ Kd7 45. Rd8+ Kc7 46. d6+ Kc6 47. Rc8+ Kd5 48. d7 e3+ 49. g4 h6 50. d8=Q+ Ke4 51. Qxd4+ Kxd4 52. Bd8 e2 53. Ba5 Ke3 54. Re8+ Kf2 55. Kh5 Kf1 56. Kg6 Bg2 57. h4 Bf3 58. g5 hxg5 59. hxg5 Bc6 60. Re7 Be4+ 61. Rxe4 e1=Q 62. Rxe1+ Kf2 63. Kxg7 1-0


[Site "https://www.chess.com"]

[Event "Titled Tuesday Blitz January 03 Early 2023"]
[White "Tomaszewski, Kacper"]
[Black "Klukin, Kirill"]
[WhiteFideId "1127373"]
[BlackFideId "24199273"]
[WhiteElo "2313"]
[BlackElo "2390"]
[Result "0-1"]
[Round "06"]
[TimeControl "180+2"]
[Date "2023.01.03"]
[WhiteClock "0:00:03"]
[BlackClock "0:00:04"]

1. e4 g6 2. Nc3 Bg7 3. Nge2 e6 4. g4 Ne7 5. Bg2 b6 6. e5 Nbc6 7. f4 Bb7 8. d4 d6 9. O-O O-O 10. Ne4 f6 11. exf6 Bxf6 12. Nxf6+ Rxf6 13. Ng3 Qd7 14. Ne4 Rff8 15. g5 Nf5 16. d5 Ncd4 17. dxe6 Nxe6 18. Nf6+ Rxf6 19. Bxb7 Rb8 20. gxf6 Rxb7 21. Re1 Rb8 22. b3 Re8 23. Bb2 Nxf4 24. Qf3 Ne6 25. Rad1 h5 26. Re2 Ng5 27. Qd5+ Kh7 28. Rde1 Rxe2 29. Rxe2 c6 30. Qg2 Ne6 31. Qe4 Nf8 32. Qe8 Qxe8 33. Rxe8 Kg8 34. Ra8 a5 35. Ra6 Kf7 36. Rxb6 c5 37. Ra6 Ke6 38. Rxa5 Nd7 39. f7 Kxf7 40. Ra7 Ke6 41. a4 Ne3 42. a5 Nxc2 43. a6 Nb4 44. Bc3 Nd5 45. Ba5 Nb8 46. Ra8 Nc6 47. a7 Nxa7 48. Rxa7 Nf4 49. Ra6 Kd7 50. Ra7+ Ke6 51. Bd2 Nd5 52. Ra8 Nf6 53. Kg2 Ne4 54. Bf4 d5 55. Ra6+ Kf5 56. Bc7 g5 57. b4 c4 58. b5 c3 59. b6 c2 60. Ra1 Nc5 61. Bd6 Nb7 62. Bb4 d4 63. Rc1 d3 64. Kf3 Nc5 65. Bxc5 d2 66. Rf1 d1=Q+ 67. Kg2+ Qxf1+ 68. Kxf1 c1=Q+ 69. Ke2 Qxc5 0-1


[Site "https://www.chess.com"]

[Event "Titled Tuesday Blitz January 03 Early 2023"]
[White "Bazarov, Konstantin"]
[Black "Ordekalog"]
[WhiteFideId "4137000"]
[WhiteElo "2235"]
[BlackElo "2701"]
[Result "0-1"]
[Round "06"]
[TimeControl "180+2"]
[Date "2023.01.03"]
[WhiteClock "0:00:06"]
[BlackClock "0:00:04"]

1. c4 e6 2. Nf3 d5 3. d4 c5 4. cxd5 exd5 5. Nc3 Nc6 6. g3 Nf6 7. Bg2 Be7 8. O-O O-O 9. dxc5 Bxc5 10. Bg5 d4 11. Bxf6 Qxf6 12. Nd5 Qd8 13. Ne1 Bg4 14. Nd3 Bb6 15. Qd2 Re8 16. Rfe1 Rc8 17. b4 Bf5 18. a4 Be4 19. N5f4 a5 20. b5 Bxg2 21. Kxg2 Ne7 22. Qa2 Rc3 23. Ne5 Rf8 24. Rad1 Qd6 25. Nc4 Qc5 26. Nxb6 Qxb6 27. Qd2 Rd8 28. h4 Rc4 29. Nh5 Qg6 30. Nf4 Qe4+ 31. f3 Qe5 32. Ra1 h6 33. Rec1 Rxc1 34. Rxc1 Nf5 35. Kf2 Re8 36. h5 Nd6 37. Qd3 Nf5 38. Qd2 Qf6 39. Rc7 Qg5 40. g4 Qh4+ 41. Kg1 Qg3+ 42. Kh1 Ne3 43. Qxd4 Nf1 44. Qg1 Qh4+ 45. Qh2 Qxh2# 0-1


[Site "https://www.chess.com"]

[Event "Titled Tuesday Blitz January 03 Early 2023"]
[White "Cappai, Davide"]
[Black "Kanakaris, Georgios"]
[WhiteFideId "813338"]
[BlackFideId "4209460"]
[WhiteElo "2140"]
[BlackElo "2391"]
[Result "0-1"]
[Round "06"]
[TimeControl "180+2"]
[Date "2023.01.03"]
[WhiteClock "0:00:16"]
[BlackClock "0:00:13"]

1. b3 e5 2. Bb2 Nc6 3. Nf3 e4 4. Nd4 Nxd4 5. Bxd4 Nf6 6. e3 d5 7. c4 c5 8. Bxf6 Qxf6 9. Nc3 d4 10. Nxe4 Qe5 11. Bd3 f5 12. Ng3 f4 13. Qh5+ Qxh5 14. Nxh5 fxe3 15. dxe3 dxe3 16. O-O Bg4 17. Ng3 exf2+ 18. Rxf2 O-O-O 19. Bf5+ Bxf5 20. Nxf5 g6 21. Ne3 Bg7 22. Re1 Bc3 23. Ree2 Rhe8 24. Rf3 Rd3 25. Kf2 Bd4 26. g4 g5 27. Rh3 Re7 28. Rf3 Kd7 29. Rh3 a5 30. Rf3 h6 31. Rh3 Re6 32. Rf3 Kd6 33. Re1 Re4 34. h3 Ke5 35. Rf5+ Ke6 36. Rf3 a4 37. bxa4 Kd6 38. Re2 Kc6 39. a5 Kc7 40. a4 Kb8 41. a6 b6 42. a5 bxa5 43. Re1 Rb3 44. a7+ Kxa7 45. Rf7+ Ka6 46. Rf3 a4 47. Rf8 Rexe3 48. Rxe3 Rxe3 49. Kg2 a3 50. Re8 Rxe8 0-1


[Site "https://www.chess.com"]

[Event "Titled Tuesday Blitz January 03 Early 2023"]
[White "Fernandez Garcia, Gumersindo"]
[Black "Wagner, Dennis"]
[WhiteFideId "24516740"]
[BlackFideId "24650684"]
[WhiteElo "2160"]
[BlackElo "2595"]
[Result "0-1"]
[Round "06"]
[TimeControl "180+2"]
[Date "2023.01.03"]
[WhiteClock "0:00:18"]
[BlackClock "0:00:56"]

1. e4 c5 2. c3 Nf6 3. e5 Nd5 4. d4 cxd4 5. Nf3 d6 6. cxd4 Nc6 7. Bc4 dxe5 8. dxe5 Ndb4 9. Qxd8+ Nxd8 10. Na3 Be6 11. Bb5+ Bd7 12. Bxd7+ Kxd7 13. Ke2 e6 14. Be3 Nd5 15. Rhd1 Bxa3 16. bxa3 Nc6 17. Ng5 Nxe5 18. Bd4 f6 19. Bxe5 fxe5 20. Nf7 Ke7 21. Nxh8 Nc3+ 22. Kf3 Nxd1 23. Rxd1 Rxh8 24. Rb1 b6 25. Ke4 Rf8 26. Rb2 Rf4+ 27. Kxe5 Ra4 28. Rc2 Ra5+ 29. Ke4 Rxa3 30. f4 h5 31. g3 Kf6 32. Rd2 g6 33. Rc2 Ra4+ 34. Kf3 Kf5 35. Rb2 Ra3+ 36. Kg2 e5 37. fxe5 Kxe5 38. Re2+ Kf5 39. h3 g5 40. Rb2 h4 41. gxh4 gxh4 42. Rb5+ Ke6 43. Rb2 Kd5 44. Kg1 Rxh3 45. Rb5+ Kc6 46. a4 Ra3 47. Rb4 h3 48. Rh4 Kb7 49. Kf1 Ka6 50. Ke2 Ka5 51. Kd2 h2 52. Kc2 Ra1 53. Rh5+ Kxa4 54. Rh4+ Ka5 55. Rh5+ b5 0-1


[Site "https://www.chess.com"]

[Event "Titled Tuesday Blitz January 03 Early 2023"]
[White "Diaz Villagran, Robert"]
[Black "Mogirzan, Matei-Valeriu"]
[WhiteFideId "3404056"]
[BlackFideId "1257455"]
[WhiteElo "2315"]
[BlackElo "1813"]
[Result "1-0"]
[Round "06"]
[TimeControl "180+2"]
[Date "2023.01.03"]
[WhiteClock "0:01:38"]
[BlackClock "0:00:55"]

1. e4 c5 2. c3 d6 3. d4 cxd4 4. cxd4 g6 5. Nf3 Bg7 6. Nc3 Nf6 7. h3 O-O 8. Be2 a6 9. a4 Qa5 10. O-O b5 11. e5 Nfd7 12. Nd5 Nc6 13. axb5 Qxa1 14. bxc6 Nb8 15. Nxe7+ Kh8 16. exd6 Be6 17. d5 Bf5 18. Nxf5 gxf5 19. Qc2 Qa5 20. Qxf5 Nxc6 21. Ng5 1-0


[Site "https://www.chess.com"]

[Event "Titled Tuesday Blitz January 03 Early 2023"]
[White "Mohammed, Zozek Salah Mohammed"]
[Black "De La Colina, Nicolas"]
[WhiteFideId "4803361"]
[BlackFideId "30946921"]
[WhiteElo "2210"]
[BlackElo "2244"]
[Result "1-0"]
[Round "06"]
[TimeControl "180+2"]
[Date "2023.01.03"]
[WhiteClock "0:00:09"]
[BlackClock "0:00:28"]

1. d4 Nf6 2. Nf3 e6 3. c4 c5 4. g3 b6 5. Bg2 Bb7 6. O-O cxd4 7. Nxd4 Bxg2 8. Kxg2 Be7 9. b3 O-O 10. Bb2 d6 11. Nc3 a6 12. Rc1 Qc7 13. Qd2 Qb7+ 14. f3 Nbd7 15. Rfd1 Rfd8 16. e4 Rac8 17. Qe3 Nf8 18. h4 N8d7 19. Rd2 Bf8 20. Rcd1 Ne5 21. f4 Neg4 22. Qf3 h5 23. a4 Be7 24. Ba3 Rd7 25. Bb2 Rcd8 26. Ba1 Qc7 27. Bb2 Bf8 28. Ba1 Qc5 29. Bb2 Qb4 30. Na2 Qc5 31. Nc3 g6 32. Rd3 Bg7 33. R3d2 Qc7 34. Ba1 e5 35. Nde2 Qc5 36. Rd3 exf4 37. gxf4 Qc7 38. Ng3 Re8 39. R1d2 Rde7 40. Rd1 Rd7 41. R1d2 Nh6 42. Rd1 Red8 43. R1d2 Nh7 44. Nd5 Qb7 45. Bxg7 Kxg7 46. Qe3 Kg8 47. Qd4 Ng4 48. f5 Re8 49. fxg6 fxg6 50. Rf3 Ne5 51. Rff2 Rf7 52. Rxf7 Qxf7 53. Rf2 Qg7 54. Qxb6 g5 55. Nxh5 Qg6 56. Ndf6+ Nxf6 57. Nxf6+ Kh8 58. Nxe8 gxh4+ 59. Kf1 Qxe4 60. Qxd6 Qh1+ 61. Ke2 Qe4+ 62. Kf1 Qh1+ 63. Ke2 Qe4+ 64. Kd2 Nf3+ 65. Rxf3 Qxf3 66. Qf6+ Qxf6 67. Nxf6 h3 68. Ng4 Kg7 69. Ke3 Kg6 70. Kf3 Kf5 71. c5 h2 72. Nxh2 Ke5 73. b4 Kd5 74. Ke3 a5 75. b5 Kxc5 76. Kd3 Kb6 77. Kc4 Kb7 78. Nf3 Ka7 79. Nd4 Ka8 80. Nc2 Kb8 81. Nd4 Ka8 82. Nb3 Kb8 83. Nxa5 Ka8 84. Kc5 Kb8 85. b6 Ka8 86. Kb5 Kb8 87. Ka6 Ka8 88. b7+ Kb8 89. Nc6+ Kc7 90. b8=Q+ Kd7 91. Qb7+ Ke6 92. Nb4 Kf5 93. Kb6 Kg5 94. a5 Kf6 95. a6 Kf5 96. a7 Kg6 97. a8=Q Kf6 98. Qac8 Ke5 99. Qc4 Kf6 100. Qbd5 Ke7 101. Qcc6 Kf8 102. Qdd7 Kg8 103. Kc7 Kf8 104. Kd6 Kg8 105. Ke6 Kf8 106. Kf6 Kg8 107. Kg6 Kf8 108. Qcc7 Kg8 109. Qe7 1-0


[Site "https://www.chess.com"]

[Event "Titled Tuesday Blitz January 03 Early 2023"]
[White "Papp, Levente"]
[Black "Mekhane, Adam"]
[WhiteFideId "751243"]
[BlackFideId "36050601"]
[WhiteElo "2353"]
[BlackElo "2280"]
[Result "1-0"]
[Round "06"]
[TimeControl "180+2"]
[Date "2023.01.03"]
[WhiteClock "0:01:04"]
[BlackClock "0:00:36"]

1. c4 Nf6 2. Nc3 g6 3. g3 Bg7 4. Bg2 O-O 5. e4 d6 6. Nge2 c5 7. O-O Nc6 8. d3 e5 9. Rb1 Nd4 10. b4 b6 11. b5 a6 12. bxa6 Rxa6 13. a3 Bd7 14. Nxd4 cxd4 15. Nb5 Bxb5 16. Rxb5 Nd7 17. f4 Nc5 18. f5 Ra5 19. Rb4 h6 20. f6 Bxf6 21. Bxh6 Bg7 22. Bc1 Ra6 23. h4 f5 24. exf5 Qf6 25. Bg5 1-0


[Site "https://www.chess.com"]

[Event "Titled Tuesday Blitz January 03 Early 2023"]
[White "Kusa, Jakub"]
[Black "Sharifov, Mekhriddin"]
[WhiteFideId "395595"]
[BlackFideId "14701545"]
[WhiteElo "2366"]
[BlackElo "2209"]
[Result "0-1"]
[Round "06"]
[TimeControl "180+2"]
[Date "2023.01.03"]
[WhiteClock "0:00:33"]
[BlackClock "0:00:08"]

1. d4 a5 2. e4 b6 3. Nf3 Bb7 4. Bd3 g6 5. O-O Bg7 6. c3 e6 7. Bg5 Ne7 8. Nbd2 d6 9. Qe2 Nd7 10. Rfe1 e5 11. Rad1 h6 12. Be3 O-O 13. Nc4 Qe8 14. dxe5 Nxe5 15. Ncxe5 dxe5 16. Nd2 f5 17. f3 Rd8 18. Nc4 Kh8 19. Bf2 Nc6 20. Ne3 Ne7 21. Bb5 Bc6 22. Bxc6 Qxc6 23. exf5 gxf5 24. Bh4 Rxd1 25. Rxd1 Ng6 26. Bf2 Nf4 27. Qf1 e4 28. Bg3 Nd3 29. fxe4 fxe4 30. Qe2 Qc5 31. Kh1 Nxb2 32. Qxb2 Qxe3 33. Bxc7 Rf2 34. Bxb6 Rxb2 35. Bxe3 Rxa2 36. Bd4 Bxd4 37. cxd4 e3 38. d5 Rd2 39. Re1 Rxd5 40. g4 Rd3 41. Kg2 a4 42. Kf3 a3 43. Rb1 a2 44. Rb8+ Kg7 45. Ra8 Rd2 46. Kxe3 Rxh2 47. Ra6 Kf7 48. Kf4 Rf2+ 49. Kg3 Rb2 50. Kh4 Kg7 51. Kg3 Kf8 52. Kf3 Ke7 53. Kf4 Kd7 54. Kf5 Kc7 55. Ra3 Kb7 56. Kg6 Rb6+ 57. Kh5 Ra6 58. Rb3+ Ka8 0-1


[Site "https://www.chess.com"]

[Event "Titled Tuesday Blitz January 03 Early 2023"]
[White "Aaditya Dhingra"]
[Black "TheKnightOfBosnia"]
[WhiteFideId "25678191"]
[WhiteElo "2027"]
[BlackElo "2481"]
[Result "0-1"]
[Round "06"]
[TimeControl "180+2"]
[Date "2023.01.03"]
[WhiteClock "0:00:01"]
[BlackClock "0:00:20"]

1. e4 e5 2. Nf3 Nc6 3. Bb5 a6 4. Ba4 Nf6 5. O-O b5 6. Bb3 Bb7 7. d3 Be7 8. a4 d6 9. Nc3 b4 10. Nd5 O-O 11. a5 Rb8 12. h3 Re8 13. Be3 h6 14. Nh2 Bf8 15. Ng4 Nxd5 16. Bxd5 h5 17. Nh2 g6 18. f4 exf4 19. Bxf4 Ne5 20. Bxe5 Bxd5 21. Bf6 Be7 22. Bxe7 Qxe7 23. exd5 Qe3+ 24. Kh1 Rb5 25. Re1 Qxe1+ 26. Qxe1 Rxe1+ 27. Rxe1 Rxd5 28. Ra1 Rc5 29. Rc1 b3 30. c4 Rxa5 31. Nf1 Ra2 32. Rb1 a5 33. Ne3 c6 34. Nd1 a4 35. Nc3 a3 36. bxa3 Rxa3 37. Ne4 b2 38. Rxb2 Rxd3 39. Rc2 Kg7 40. Kg1 d5 41. cxd5 cxd5 42. Nc5 Rd1+ 43. Kf2 h4 44. Nb3 Rd3 45. Nc1 Rd1 46. Ne2 d4 47. Nf4 g5 48. Nd5 d3 49. Rb2 Rc1 50. Ne3 Kg6 51. Rd2 Rc3 52. Nd1 Rc2 53. Ke3 Rxd2 54. Kxd2 Kf5 55. Kxd3 Kf4 56. Ne3 f5 57. Ke2 Kg3 58. Kf1 Kf4 59. Kf2 g4 60. Nf1 Ke4 61. Nd2+ Kf4 62. Nc4 Ke4 63. Nd6+ Kf4 64. Nf7 Ke4 65. Nh8 Kf4 66. Ng6+ Kg5 67. Ne7 Kf4 68. Nc6 Ke4 69. Nb4 Kf4 70. Nc2 Ke4 71. Ne3 Kf4 72. Nd5+ Ke4 73. Nf6+ Kf4 74. Nh7 Ke4 75. Nf8 Kf4 76. Ne6+ Ke4 77. Ng7 Kf4 78. Nh5+ Kg5 79. Ng7 Kf4 80. Ne6+ Ke4 81. hxg4 fxg4 82. Kg1 Kf5 83. Nc5 Kf4 84. Nd3+ Kg3 85. Nf2 h3 86. Nh1+ Kf4 87. gxh3 gxh3 88. Kh2 Kg4 0-1


[Site "https://www.chess.com"]

[Event "Titled Tuesday Blitz January 03 Early 2023"]
[White "Manukian, Artak"]
[Black "Maksimenko, Viktor"]
[WhiteFideId "13301373"]
[BlackFideId "13710478"]
[WhiteElo "2196"]
[BlackElo "2196"]
[Result "0-1"]
[Round "06"]
[TimeControl "180+2"]
[Date "2023.01.03"]
[WhiteClock "0:00:02"]
[BlackClock "0:01:31"]

1. e4 c6 2. d4 d5 3. e5 Bf5 4. c4 e6 5. Nc3 Bb4 6. Qb3 a5 7. a3 dxc4 8. Bxc4 Bxc3+ 9. bxc3 b5 10. Be2 a4 11. Qd1 Ne7 12. Nf3 Nd7 13. c4 bxc4 14. Bxc4 O-O 15. O-O Nd5 16. Bg5 Qa5 17. Nh4 Bg6 18. Nxg6 hxg6 19. h4 Qc3 20. Be2 c5 21. dxc5 Nxc5 22. Rc1 Qxa3 23. Bf3 Nb3 24. Rc4 Ra5 25. h5 gxh5 26. Bxh5 Qb2 27. Rg4 Qxe5 28. Re1 Qf5 29. Bh6 g6 30. Rg5 Qf6 31. Qg4 Nf4 32. Rxa5 Nxa5 33. Bxf4 a3 34. Bd6 a2 35. Bxf8 a1=Q 36. Rxa1 Qxa1+ 37. Kh2 Kxf8 38. Bxg6 Qe5+ 39. f4 Qf6 40. Be4 Nc4 41. Qg5 Qxg5 42. fxg5 Kg7 43. Kg3 Nd6 44. Bd3 e5 45. Kg4 Kf8 46. g6 f6 47. Kh5 Kg7 48. g4 e4 49. Be2 Nc8 0-1


[Site "https://www.chess.com"]

[Event "Titled Tuesday Blitz January 03 Early 2023"]
[White "Shubenkova, Veronika"]
[Black "Yaran, Siar"]
[WhiteFideId "44124040"]
[BlackFideId "6323006"]
[WhiteElo "1960"]
[BlackElo "2288"]
[Result "0-1"]
[Round "06"]
[TimeControl "180+2"]
[Date "2023.01.03"]
[WhiteClock "0:00:13"]
[BlackClock "0:00:07"]

1. e4 e5 2. Nf3 Nc6 3. Bb5 a6 4. Bxc6 dxc6 5. O-O f6 6. Re1 c5 7. Nc3 Be6 8. d3 Qd7 9. Be3 O-O-O 10. a3 g5 11. Rb1 Qc6 12. Nd2 Ne7 13. Qe2 h5 14. Nc4 Ng6 15. b4 cxb4 16. axb4 b5 17. Nd5 bxc4 18. dxc4 Nf4 19. Bxf4 gxf4 20. b5 axb5 21. Rxb5 Rh6 22. Reb1 Kd7 23. Rb7 Bd6 24. R1b6 Qc5 25. Rb5 Qa3 26. Rb3 Qc1+ 27. Qf1 Qxf1+ 28. Kxf1 f5 29. f3 fxe4 30. fxe4 Rg6 31. Rd3 Kc6 32. Ra7 Rb8 33. c5 Rb1+ 34. Ke2 Bxc5 35. Rxc7+ Kb5 36. Rb7+ Kc6 37. Rxb1 Rxg2+ 38. Kd1 Rg1+ 39. Kd2 Rxb1 40. Nc3 Rh1 41. Ne2 Rxh2 42. Ke1 Rxe2+ 43. Kxe2 Bc4 44. Kf3 Bxd3 45. cxd3 Kb5 46. Kg2 Be7 47. Kh3 Kc5 48. Kg2 Kd4 49. Kf3 Kxd3 50. Kg2 Ke2 51. Kh1 f3 52. Kh2 Bg5 53. Kh1 f2 54. Kh2 Bf4+ 55. Kh3 f1=Q+ 56. Kh4 Qh1# 0-1


[Site "https://www.chess.com"]

[Event "Titled Tuesday Blitz January 03 Early 2023"]
[White "Omelja, Artem"]
[Black "Jiganchine, Roman"]
[WhiteFideId "14119846"]
[BlackFideId "2603667"]
[WhiteElo "2446"]
[BlackElo "2205"]
[Result "1/2-1/2"]
[Round "06"]
[TimeControl "180+2"]
[Date "2023.01.03"]
[WhiteClock "0:00:05"]
[BlackClock "0:00:05"]

1. e4 c6 2. Ne2 d5 3. e5 c5 4. d4 Nc6 5. dxc5 e6 6. c3 Bxc5 7. b4 Bb6 8. f4 Nge7 9. a4 Nf5 10. a5 Bc7 11. Ng3 Qh4 12. Qh5 Qxh5 13. Nxh5 d4 14. g4 Nh4 15. b5 Nxa5 16. Bb2 O-O 17. cxd4 Nb3 18. Ra3 Nf3+ 19. Kf2 Nfxd4 20. Bc4 Bb6 21. Kg2 Bd7 22. Bxb3 Bxb5 23. Nc3 Bc6+ 24. Kh3 Nxb3 25. Rd1 Nc5 26. Ng3 Rad8 27. Rc1 Nd3 28. Rb1 Nxf4+ 29. Kh4 Ng2+ 30. Kh3 Nf4+ 31. Kh4 Ng6+ 32. Kh3 Nf4+ 1/2-1/2


[Site "https://www.chess.com"]

[Event "Titled Tuesday Blitz January 03 Early 2023"]
[White "Padmini, Rout"]
[Black "Koridze, Lile"]
[WhiteFideId "5029295"]
[BlackFideId "13612514"]
[WhiteElo "2375"]
[BlackElo "2191"]
[Result "1-0"]
[Round "06"]
[TimeControl "180+2"]
[Date "2023.01.03"]
[WhiteClock "0:00:31"]
[BlackClock "0:00:08"]

1. e4 c5 2. Nf3 d6 3. d4 cxd4 4. Nxd4 Nf6 5. Nc3 a6 6. Be3 e5 7. Nb3 Be6 8. Be2 Be7 9. O-O Nbd7 10. Bf3 O-O 11. Nd5 Nxd5 12. exd5 Bf5 13. c4 b5 14. Rc1 Bf6 15. c5 e4 16. Be2 Bxb2 17. Rc2 Be5 18. c6 Nf6 19. c7 Qd7 20. Qd2 Bg4 21. Bxg4 Nxg4 22. Bf4 Rfe8 23. h3 Nf6 24. Bxe5 Rxe5 25. Rfc1 Rc8 26. Qa5 Rxd5 27. Qxa6 Ne8 28. Qb7 Kf8 29. Qxd5 Rxc7 30. Rxc7 Nxc7 31. Qb7 1-0


[Site "https://www.chess.com"]

[Event "Titled Tuesday Blitz January 03 Early 2023"]
[White "MIM06"]
[Black "Mendez Fortes, Eduardo Jesus"]
[BlackFideId "3502376"]
[WhiteElo "2273"]
[BlackElo "2250"]
[Result "0-1"]
[Round "06"]
[TimeControl "180+2"]
[Date "2023.01.03"]
[WhiteClock "0:00:19"]
[BlackClock "0:01:18"]

1. e4 e5 2. Nf3 Nc6 3. Bc4 Nf6 4. d3 Bc5 5. c3 d6 6. O-O O-O 7. b4 Bb6 8. a4 a5 9. b5 Ne7 10. Nbd2 Ng6 11. Re1 c6 12. Nf1 d5 13. exd5 cxd5 14. Ba2 Bc7 15. Ng3 h6 16. h3 Be6 17. Ba3 Re8 18. Rc1 Rc8 19. Qd2 b6 20. c4 e4 21. Nd4 Bf4 22. Qb2 Bxc1 23. Rxc1 exd3 24. Nc6 Qd7 25. cxd5 Bxd5 26. Bxd5 Qxd5 27. Qd2 Kh7 28. Rc3 Ne5 29. Ne7 Rxe7 30. Bxe7 Rxc3 31. Qxc3 d2 32. Qc2+ Qd3 33. Qd1 Nc4 34. Nf1 Ne4 35. Qg4 Nxf2 36. Kxf2 d1=Q 0-1


[Site "https://www.chess.com"]